 Dungeon Crawl Stone Soup version 0.31.0 (webtiles) character file.

Game seed: 7203555301250379949

534 BeingJoeMalik the Slasher (level 7, 0/51 HPs)
             Began as a Demonspawn Gladiator on Jan 19, 2024.
             Slain by an ogre
             ... wielding a +0 giant club
              (6 damage)
             ... on level 4 of the Dungeon.
             The game lasted 00:13:55 (4968 turns).

BeingJoeMalik the Slasher (Demonspawn Gladiator)    Turns: 4968, Time: 00:13:56

Health: 0/51       AC:  6    Str: 14    XL:     7   Next: 4%
Magic:  0/7        EV: 13    Int:  8    God:
Gold:   177        SH:  0    Dex: 21    Spells: 6/6 levels left

rFire   . . .        a - +0 long sword
rCold   . . .        (no shield)
rNeg    . . .        b - +0 leather armour
rPois   .            c - +1 helmet
rElec   .            (no cloak)
rCorr   .            (no gloves)
SInv    .            t - +0 pair of boots
Will    .....        i - amulet of guardian spirit
Stlth   ++++         k - ring of wizardry
HPRegen 0.28/turn    (no ring)
MPRegen 0.10/turn

%: guardian spirit, wizardry (x1)
@: attractive
A: thin skeletal structure 2, demonic guardian 1
a: no special abilities


You were on level 4 of the Dungeon.
You visited 1 branch of the dungeon, and saw 4 of its levels.
You also visited: Sewer.

You collected 177 gold pieces.

Inventory:

Hand Weapons
 a - a +0 long sword (weapon)
 r - a +1 dagger of flaming
Missiles
 e - a javelin
Armour
 b - a +0 leather armour (worn)
 c - a +1 helmet (worn)
 d - the +3 helmet of Gumn {-Cast rN+ Str+3}
   (You found it on level 4 of the Dungeon)

   Str+3:     It affects your strength (+3).
   rN+:       It protects you from negative energy.
   -Cast:     It prevents spellcasting.
 t - a +0 pair of boots (worn)
Jewellery
 i - an amulet of guardian spirit (around neck)
 k - a ring of wizardry (left hand)
Scrolls
 h - a scroll of immolation
 l - a scroll of teleportation {unknown}
 n - a scroll of blinking
 o - a scroll of enchant armour
 p - a scroll of identify
Potions
 f - 2 potions of degeneration
 j - 2 potions of brilliance
 m - a potion of lignification
 s - a potion of enlightenment


   Skills:
 - Level 2.3 Fighting
 + Level 6.5 Long Blades
 - Level 2.1 Throwing
 - Level 1.0 Armour
 - Level 3.3 Dodging
 - Level 1.3 Stealth


You had 6 spell levels left.
You didn't know any spells.
Your spell library contained the following spells:

 Spells                   Type           Power      Damage    Failure   Level
 Magic Dart               Conj           0%         1d3       21%         1
 Blink                    Tloc           0%         N/A       32%         2
 Call Imp                 Summ           0%         N/A       32%         2
 Martyr's Knell           Necr/Summ      0%         N/A       88%         4
 Arcjolt                  Conj/Air       0%         1d10      99%         5
 Silence                  Hex/Air        0%         N/A       99%         5
 Summon Mana Viper        Hex/Summ       0%         N/A       99%         5


Dungeon Overview and Level Annotations

Branches:
Dungeon (4/15)              Sewer (visited)
 Temple: D:4-7

Altars:
Sif Muna


Innate Abilities, Weirdness & Mutations

You have a moderately thin skeletal structure. (Dex +4, Stealth++)
A weak demonic guardian rushes to your aid.


Message History

A steam dragon comes into view.
The steam dragon hisses angrily.
You hear a shout!
The steam dragon moves out of view.
The steam dragon breathes steam at you. The ball of steam hits you!
You see here the +3 helmet of Gumn {-Cast rN+ Str+3}.
d - the +3 helmet of Gumn {-Cast rN+ Str+3} You are engulfed in a cloud of scalding steam.
The steam dragon breathes steam at you. The ball of steam hits you!!
A demonic guardian appears!
The ball of steam hits your ufetubus!
Your ufetubus dies!
Your ufetubus disappears in a puff of smoke!
The steam dragon breathes steam at you. The ball of steam hits you.
The ogre is engulfed in a cloud of scalding steam.
You see here a smoky dark potion.
g - a smoky dark potion It was a potion of attraction.
You feel attractive to monsters. The steam dragon breathes steam at you.
The ball of steam hits you!
* * * LOW HITPOINT WARNING * * *
The ogre is attracted toward you.
The steam dragon is attracted toward you.
Unknown command.
Unknown command.
Unknown command.
The ogre attacks as it pursues you! The ogre hits you with a +0 giant club!
* * * LOW HITPOINT WARNING * * *
A demonic guardian appears!
Unknown command.
Blink to where?
Press: ? - help, Dir - move target
As you read the scroll of blinking, it crumbles to dust.
The ogre is attracted toward you.
The steam dragon is attracted toward you.
The steam dragon is attracted toward you.
The ogre attacks as it pursues you! The ogre hits you with a +0 giant club.
You die...

#............§§...+.........
#.....###......5§§####......
#.................## ##>#..#
#..........#....§## #.....
#..........##.(.## #.#..#
##.#...###.###'## #.#..#
#......##.# #D# # ##.#
........###.##### ..#
.#.......@O.....# #.#
##.#####........# ...
.....#.#.# ##...## .. ##.##
.# #.# # #.# ..


You could see an ogre.

Vanquished Creatures
  Blork the orc (D:4)
  2 bullfrogs (Sewer)
  A scorpion (D:4)
  An orc wizard (D:4)
  Robin (D:3)
  8 adders
  4 gnolls
  8 dart slugs
  A ribbon worm (D:3)
  8 orcs
  5 endoplasms
  10 giant cockroaches
  10 goblins
  9 hobgoblins
  5 kobolds
  2 quokkas
  12 ball pythons
  9 bats
  12 frilled lizards
  5 rats
114 creatures vanquished.

Vanquished Creatures (collateral kills)
  An endoplasm (D:4)
  A giant cockroach (Sewer)
2 creatures vanquished.

Grand Total: 116 creatures vanquished

Notes
Turn   | Place    | Note
-------+----------+-------------------------------------------
     0 | D:1      | BeingJoeMalik the Demonspawn Gladiator began the quest for
                  | the Orb.
     0 | D:1      | Reached XP level 1. HP: 16/16 MP: 1/1
   129 | D:1      | Reached skill level 3 in Long Blades
   129 | D:1      | Gained mutation: You have a somewhat thin skeletal
                  | structure. (Dex +2, Stealth+) [demonic ancestry]
   129 | D:1      | Reached XP level 2. HP: 20/22 MP: 2/2
   759 | D:2      | Reached XP level 3. HP: 22/27 MP: 3/3
  1443 | D:2      | Reached XP level 4. HP: 9/34 MP: 4/4
  1552 | D:2      | Reached skill level 1 in Stealth
  1857 | D:3      | Reached skill level 1 in Armour
  2032 | D:3      | Found a shimmering blue altar of Sif Muna.
  2387 | D:3      | Noticed Robin
  2850 | D:3      | Killed Robin
  2851 | D:3      | Gained mutation: A weak demonic guardian rushes to your
                  | aid. [demonic ancestry]
  2851 | D:3      | Reached XP level 5. HP: 29/39 MP: 5/5
  2907 | D:3      | Reached skill level 4 in Long Blades
  3471 | D:4      | Found a glowing drain.
  3480 | Sewer    | Entered a sewer
  3830 | Sewer    | Reached skill level 5 in Long Blades
  3830 | Sewer    | Reached XP level 6. HP: 22/45 MP: 6/6
  4224 | D:4      | Reached skill level 6 in Long Blades
  4280 | D:4      | Got the Almanac of Floating Rallying
  4339 | D:4      | Noticed Blork the orc
  4348 | D:4      | Killed Blork the orc
  4349 | D:4      | Gained mutation: You have a moderately thin skeletal
                  | structure. (Dex +4, Stealth++) [demonic ancestry]
  4349 | D:4      | Reached XP level 7. HP: 51/51 MP: 7/7
  4950 | D:4      | Noticed a steam dragon
  4951 | D:4      | Identified the +3 helmet of Gumn {-Cast rN+ Str+3}
  4968 | D:4      | Slain by an ogre

Illustrated notes

Levels and vault maps discovered:
D:1:      tarquinn_simple_flora_water_a, layout_basic, kennysheep_nondescript
D:2:      layout_loops_corners
D:3:      layout_basic, mainiacjoe_overflow_small_starburst, uniq_robin
D:4:      layout_loops_corners, gup_sewer_entry_spiral,
          kennysheep_generic_room_14, uniq_blork_the_orc

Skill      XL: |  1  2  3  4  5  6 |
---------------+-------------------+-----
Long Blades    | 3 5 6 |  6.5
Dodging        | 3 |  3.3
Throwing       | 2 |  2.1
Stealth        | 1 |  1.3
Armour         | 1 |  1.0
Fighting       | |  2.3

Action                     |  1- 3 |  4- 6 |  7- 9 || total
---------------------------+-------+-------+-------++-------
  Melee: Long sword        |    91 |   213 |    17 ||   321
  Throw: Throwing net      |     2 |     1 |     1 ||     4
    Use: Potion            |     1 |     4 |     2 ||     7
         Scroll            |       |     7 |     1 ||     8
   Stab: Sleeping          |     6 |     5 |     2 ||    13
         Distracted        |       |     2 |     1 ||     3
 Armour: Leather armour    |    59 |   109 |    13 ||   181
  Dodge: Dodged            |    64 |   146 |     6 ||   216
